 Dungeon Crawl Stone Soup version 0.22.1-1-ga44c0e56f4 (webtiles) character file.

263 JedernureinKreuz the Conjurer (level 5, -2/38 HPs)
             Began as a Demigod Conjurer on Sept 23, 2018.
             Slain by Pikel
             ... wielding a +2 whip of electrocution
              (5 damage)
             ... on level 4 of the Dungeon.
             The game lasted 00:15:17 (3689 turns).

JedernureinKreuz the Conjurer (Demigod Conjurer)    Turns: 3689, Time: 00:15:17

Health: -2/38      AC:  6    Str: 11    XL:     5   Next: 65%
Magic:  12/12      EV:  8    Int: 21    God:
Gold:   129        SH: 10    Dex: 16    Spells: 1/9 levels left

rFire    . . .     SeeInvis .   l - +1 dagger (drain)
rCold    . . .     Gourm    .   h - +0 large shield
rNeg     . . .     Faith    +   k - +0 leather armour (curse)
rPois    .         Spirit   .   v - +0 helmet
rElec    .         Reflect  .   r - +1 cloak
rCorr    .         Harm     .   (no gloves)
MR       .....                  (no boots)
Stlth    ++........             b - amulet of faith
HPRegen  0.12/turn              (no ring)
MPRegen  0.13/turn              (no ring)

@: no status effects
A: high mp 1
a: no special abilities


You were on level 4 of the Dungeon.
You were hungry.

You visited 1 branch of the dungeon, and saw 4 of its levels.

You collected 129 gold pieces.

Inventory:

Hand Weapons
 e - a +0 short sword
 i - a +1 dagger of venom
 j - a +2 dagger of protection
 l - a +1 dagger of draining (weapon)
 u - a +0 dagger
 w - a +1 dagger of draining
Armour
 a - a +1 robe
 h - a +0 large shield (worn)
 k - a cursed +0 leather armour (worn)
 r - a +1 cloak (worn)
 v - a +0 helmet (worn)
Jewellery
 b - an amulet of faith (around neck)
 x - an uncursed ring of stealth {unknown}
Wands
 m - a wand of random effects (30)
Scrolls
 f - 7 scrolls of teleportation
 n - 2 scrolls of identify
Potions
 d - 2 potions of brilliance
 g - 2 potions of magic {unknown}
 o - a potion of heal wounds {unknown}
 p - 2 potions of flight {unknown}
 q - a potion of resistance {unknown}
 s - a potion of haste {unknown}
 t - 2 potions of curing {unknown}
Comestibles
 c - 9 rations


   Skills:
 + Level 1.8 Short Blades
 + Level 2.8 Dodging
 + Level 3.0 Stealth
 + Level 2.8 Spellcasting
 + Level 4.6 Conjurations


You had one spell level left.
You knew the following spells:

 Your Spells              Type           Power        Failure   Level  Hunger
a - Magic Dart            Conj           ###.         56%         1    None
b - Iskenderun's Mystic   Conj           ###.....     100%        4    ####...
c - Dazzling Spray        Conj/Hex       ##....       99%         3    ###....

Your spell library contained the following spells:

 Spells                   Type           Power        Failure   Level  Hunger
 Searing Ray              Conj           ###...       71%         2    ##.....
 Force Lance              Conj/Tloc      ##......     100%        4    ####...
 Fulminant Prism          Conj/Hex       ##........   100%        4    ####...


Dungeon Overview and Level Annotations

Branches:
Dungeon (4/15)
 Temple: D:4-7

Shops:
D:4 *

Annotations:
D:4 Pikel


Innate Abilities, Weirdness & Mutations

You have an increased reservoir of magic. (+10% MP)


Message History

You barely miss Pikel. You hit Pikel.
Pikel is lightly wounded.
Pikel hits you with a whip of electrocution.
You are electrocuted!
You hit Pikel. You drain Pikel!
Pikel is lightly wounded.
You block Pikel's attack.
You hit Pikel.
Pikel is moderately wounded.
Pikel barely misses you.
You barely miss Pikel.
Pikel is moderately wounded.
Pikel hits you with a whip of electrocution.
You are electrocuted!
* * * LOW HITPOINT WARNING * * *
You barely miss Pikel.
Pikel is moderately wounded.
Pikel hits you with a whip of electrocution.
You die...

# #. .#.################
...........@Kppp..#
...........###p...#
...........# ..#.#
...........# ..#
...........###..#
........>.......#
###########...#...#..#
..............#.#.#.##.#.#
........###...#.#.#.##.#.#


You could see Pikel and 4 slaves.

Vanquished Creatures
  2 scorpions (D:4)
  Robin (D:3)
  4 adders
  An ooze (D:2)
  2 worms (D:3)
  4 dart slugs
  2 leopard geckos (D:1)
  2 orcs
  4 giant cockroaches
  27 goblins
  8 hobgoblins
  3 jackals (D:2)
  12 bats
  6 frilled lizards
  9 kobolds
  11 rats
98 creatures vanquished.

Notes
Turn   | Place    | Note
-------+----------+-------------------------------------------
     0 | D:1      | JedernureinKreuz the Demigod Conjurer began the quest for
                  | the Orb.
     0 | D:1      | Reached XP level 1. HP: 14/14 MP: 5/5
   143 | D:1      | Reached skill level 4 in Conjurations
   208 | D:1      | Reached XP level 2. HP: 16/20 MP: 4/7
   350 | D:1      | HP: 1/20 [frilled lizard (1)]
   842 | D:1      | Reached XP level 3. HP: 21/26 MP: 8/8
  2309 | D:2      | Reached skill level 1 in Short Blades
  2436 | D:3      | Reached XP level 4. HP: 25/33 MP: 10/10
  2561 | D:3      | Noticed Robin
  2616 | D:3      | Killed Robin
  2900 | D:3      | Found a bloodstained altar of Trog.
  3239 | D:3      | Learned a level 4 spell: Iskenderun's Mystic Blast
  3243 | D:3      | Learned a level 3 spell: Dazzling Spray
  3280 | D:4      | Reached XP level 5. HP: 38/38 MP: 0/11
  3287 | D:4      | Noticed an ogre
  3385 | D:4      | Found a deep blue altar of Sif Muna.
  3411 | D:4      | Found Sougum's General Store.
  3625 | D:4      | Noticed a slave
  3625 | D:4      | Noticed a slave
  3663 | D:4      | Noticed Pikel
  3663 | D:4      | Noticed a slave
  3664 | D:4      | Noticed a slave
  3689 | D:4      | Slain by Pikel

Skill      XL: |  1  2  3  4  5 |
---------------+----------------+-----
Conjurations   | 4 |  4.6
Spellcasting   | 2 |  2.8
Stealth        | 2 3 |  3.0
Dodging        | 2 |  2.8
Short Blades   | 1 |  1.8

Action                   |  1- 3 |  4- 6 || total
-------------------------+-------+-------++-------
Melee: Short sword       |     5 |       ||     5
       Unarmed           |     2 |       ||     2
       Dagger            |   126 |   126 ||   252
 Cast: Magic Dart        |    37 |    33 ||    70
  Use: Scroll            |     3 |     1 ||     4
 Stab: Sleeping          |     3 |     3 ||     6
       Distracted        |       |     1 ||     1
  Eat: Chunk             |     5 |     4 ||     9
Armor: Robe              |    23 |    23 ||    46
       Leather armour    |       |     7 ||     7
Dodge: Dodged            |    46 |    42 ||    88
Block: Large shield      |    77 |    61 ||   138
